 Dungeon Crawl Stone Soup version 0.21.1-1-g345015f (webtiles) character file.

288 jamsan the Thaumaturge (level 6, -12/38 HPs)
             Began as a Deep Elf Necromancer on June 14, 2018.
             Killed by divine providence
             ... invoked by an orc priest
              (15 damage)
             ... on level 3 of the Dungeon.
             The game lasted 00:22:17 (3743 turns).

jamsan the Thaumaturge (Deep Elf Necromancer)       Turns: 3743, Time: 00:22:18

Health: -12/38     AC:  2    Str:  5    XL:     6   Next: 9%
Magic:  0/22       EV: 13    Int: 22    God:
Gold:   132        SH:  0    Dex: 15    Spells: 15/27 levels left

rFire    . . .     SeeInvis .   h - +0 hunting sling (freeze)
rCold    . . .     Gourm    .   (no shield)
rNeg     + . .     Faith    .   a - +0 robe
rPois    .         Spirit   +   (no helmet)
rElec    .         Reflect  .   r - scarf {Spirit}
rCorr    .         Harm     .   (no gloves)
MR       .....                  (no boots)
Stlth    ++........             (no amulet)
HPRegen  0.12/turn              t - ring of positive energy
MPRegen  0.18/turn              (no ring)

@: no status effects
A: no striking features
a: no special abilities


You were on level 3 of the Dungeon.
You were not hungry.

You visited 1 branch of the dungeon, and saw 4 of its levels.

You collected 132 gold pieces.

Inventory:

Hand Weapons
 d - a +0 short sword
 h - a +0 hunting sling of freezing (weapon)
Missiles
 e - 14 bolts
Armour
 a - a +0 robe (worn)
 r - a scarf of spirit shield (worn)
Jewellery
 t - a ring of positive energy (left hand)
Scrolls
 i - a scroll of remove curse
 l - 3 scrolls of identify
 m - a scroll of teleportation {unknown}
 n - a scroll of noise {unknown}
 o - a scroll of magic mapping {unknown}
 p - a scroll of fog {unknown}
 u - a scroll of enchant armour {unknown}
Potions
 f - a potion of brilliance {unknown}
 j - a potion of heal wounds {unknown}
 s - a potion of mutation {unknown}
 v - a potion of flight {unknown}
Books
 b - a book of Necromancy

   Spells                             Type                      Level
   a - Pain                           Necromancy                   1
   b - Animate Skeleton               Necromancy                   1
   c - Vampiric Draining              Necromancy                   3
   d - Regeneration                   Charms/Necromancy            3
   e - Animate Dead                   Necromancy                   4
   f - Borgnjor's Vile Clutch         Necromancy/Earth             5
Comestibles
 c - 4 rations


   Skills:
 - Level 4.2 Fighting
 - Level 2.4 Dodging
 - Level 2.4 Stealth
 * Level 11.1 Spellcasting
 * Level 11.0 Necromancy


You had 15 spell levels left.
You knew the following spells:

 Your Spells              Type           Power        Failure   Level  Hunger
a - Pain                  Necr           ####         1%          1    None
b - Animate Skeleton      Necr           N/A          1%          1    None
c - Vampiric Draining     Necr           ######....   1%          3    None
d - Regeneration          Chrm/Necr      #####.....   1%          3    None
e - Animate Dead          Necr           N/A          1%          4    #......


Dungeon Overview and Level Annotations

Branches:
Dungeon (4/15)
 Temple: D:4-7

Altars:
Hepliaklqana


Message History

You feel life coursing into your body. The orc priest hits you with a whip!
* * * LOW HITPOINT WARNING * * *
Casting: Vampiric Draining
Confirm with . or Enter, or press ? or * to list all spells.
You don't have enough magic to cast that spell.
It was a potion of experience.
You feel more experienced!
Your Fighting skill gained 4 levels and is now at level 4!
Your Spellcasting skill gained 6 levels and is now at level 11!
Your Necromancy skill gained 5 levels and is now at level 11!
You have reached level 6!
Your experience leads to an increase in your attributes!
Increase (S)trength, (I)ntelligence, or (D)exterity?
You feel clever. The orc priest hits you with a whip.
* * * LOW HITPOINT WARNING * * *
Unknown command.
The orc priest invokes the aid of Beogh against you.
Beogh smites you!
You die...

#.......#..[.........#.##..
####...)#####........#.##..
...)....'...#..........(...
####....##.##..............
#.#####.##.............# #.
#.###.###.#.##...# #. #o#
#.....#......#
#.#####.#######...>#.#.#
.......@........#....#.#
#.#####.#............#.#
#.#.#####......#.# #.# #
#......#.#
#.#######......#..
..................
#.########.###.#.. #.#
#..)....... #......)#..


You could see an orc priest.

Vanquished Creatures
  An orc priest (D:3)
  An orc wizard (D:3)
  2 adders (D:2)
  3 dart slugs
  A worm (D:2)
  2 leopard geckos
  5 orcs (D:3)
  4 bats
  3 giant cockroaches
  5 goblins
  13 hobgoblins
  A frilled lizard (D:2)
  7 kobolds
  8 rats
56 creatures vanquished.

Vanquished Creatures (collateral kills)
  2 dart slugs
  An orc (D:3)
  A goblin (D:3)
  A kobold (D:3)
5 creatures vanquished.

Vanquished Creatures (others)
  6 toadstools (D:3)
6 creatures vanquished.

Grand Total: 67 creatures vanquished

Notes
Turn   | Place    | Note
-------+----------+-------------------------------------------
     0 | D:1      | jamsan the Deep Elf Necromancer began the quest for the Orb.
     0 | D:1      | Reached XP level 1. HP: 10/10 MP: 6/6
    52 | D:1      | Reached skill level 5 in Necromancy
   443 | D:1      | Reached XP level 2. HP: 13/15 MP: 4/8
   477 | D:1      | Learned a level 1 spell: Animate Skeleton
  1210 | D:1      | Reached XP level 3. HP: 7/19 MP: 6/10
  1415 | D:1      | Learned a level 3 spell: Vampiric Draining
  1419 | D:1      | Learned a level 3 spell: Regeneration
  2078 | D:2      | Reached XP level 4. HP: 24/24 MP: 10/12
  2276 | D:2      | Found a hazy altar of Hepliaklqana.
  2535 | D:2      | Reached skill level 5 in Spellcasting
  3002 | D:4      | Noticed an orc warrior
  3071 | D:3      | Reached XP level 5. HP: 24/28 MP: 8/14
  3077 | D:3      | Learned a level 4 spell: Animate Dead
  3742 | D:3      | Reached XP level 6. HP: 8/38 MP: 1/22
  3743 | D:3      | Killed from afar by an orc priest

Skill      XL: |  1  2  3  4  5 |
---------------+----------------+-----
Necromancy     | 5 6 11 | 11.0
Spellcasting   | 4 5 11 | 11.1
Fighting       | 4 |  4.2
Dodging        | |  2.4
Stealth        | |  2.4

Action                   |  1- 3 |  4- 6 || total
-------------------------+-------+-------++-------
 Cast: Pain              |    48 |    54 ||   102
       Animate Skeleton  |     8 |    10 ||    18
       Animate Dead      |       |    10 ||    10
       Vampiric Draining |       |     1 ||     1
  Use: Scroll            |       |     3 ||     3
       Potion            |       |     2 ||     2
  Eat: Ration            |     1 |     2 ||     3
       Chunk             |       |     2 ||     2
Armor: Robe              |       |     1 ||     1
Dodge: Dodged            |     4 |     8 ||    12
